 Dungeon Crawl Stone Soup version 0.23.2-40-g277498a001 (webtiles) character file.

Game seed: 9390954117284759336

254 Marnok the Slasher (level 6, 0/47 HPs)
             Began as a Human Fighter on Oct 2, 2019.
             Slain by Natasha (5 damage)
             ... on level 4 of the Dungeon.
             The game lasted 00:11:05 (3222 turns).

Marnok the Slasher (Human Fighter)                  Turns: 3222, Time: 00:11:08

Health: 0/47       AC:  4    Str: 23      XL:     6   Next: 38%
Magic:  6/6        EV:  8    Int:  7 (8)  God:
Gold:   159        SH: 10    Dex: 20 (22) Spells: 5/5 levels left

rFire    . . .     SeeInvis +   a - +0 long sword
rCold    . . .     Gourm    .   c - +0 shield
rNeg     . . .     Faith    .   b - +0 scale mail
rPois    .         Spirit   .   (no helmet)
rElec    .         Reflect  .   (no cloak)
rCorr    .         Harm     .   (no gloves)
MR       .....                  (no boots)
Stlth    ++........             (no amulet)
HPRegen  0.15/turn              m - ring of stealth
MPRegen  0.10/turn              r - ring "Iblae" {*Slow Dex+7 Slay+3 SInv}

@: mighty, slowed, very slow
A: thin skeletal structure 1, deformed body, wild magic 1
a: no special abilities


You were on level 4 of the Dungeon.
You were not hungry.

You visited 1 branch of the dungeon, and saw 4 of its levels.

You collected 159 gold pieces.

Inventory:

Hand Weapons
 a - a +0 long sword (weapon)
 l - a +0 club
Missiles
 n - 80 stones (quivered)
Armour
 b - a +0 scale mail (worn)
 c - a +0 shield (worn)
Jewellery
 m - a ring of stealth (left hand)
 r - the ring "Iblae" (right hand) {*Slow Dex+7 Slay+3 SInv}
   (You found it on level 4 of the Dungeon)

   [ring of slaying]

   It affects your dexterity (+7).
   It affects your accuracy and damage with ranged weapons and melee attacks
   (+3).
   It lets you see invisible.
   It may slow you when you take damage.
Scrolls
 e - a scroll of remove curse {unknown}
 g - 2 scrolls of teleportation {unknown}
 h - 7 scrolls of identify {unknown}
 i - 2 scrolls of enchant armour {unknown}
 k - a scroll of immolation {unknown}
 p - 2 scrolls of random uselessness {unknown}
 s - a scroll of fear {unknown}
Potions
 d - a potion of might
 o - 2 potions of mutation
 q - 2 potions of flight
 t - a potion of agility {unknown}
Comestibles
 f - 6 rations


   Skills:
 + Level 3.5 Fighting
 + Level 4.1 Long Blades
 + Level 3.9 Armour
 + Level 1.4 Dodging
 + Level 0.3 Stealth
 + Level 4.0 Shields


You had 5 spell levels left.
You didn't know any spells.
Your spell library contained the following spells:

 Spells                   Type           Power        Failure   Level  Hunger
 Magic Dart               Conj           #...         99%         1    ##.....
 Blink                    Tloc           N/A          100%        2    ###....
 Call Imp                 Summ           #.......     100%        2    ###....
 Slow                     Hex            #.......     100%        2    ###....
 Conjure Flame            Conj/Fire      #.......     100%        3    ####...
 Mephitic Cloud           Conj/Pois/Air  #.......     100%        3    ####...


Dungeon Overview and Level Annotations

Branches:
Dungeon (4/15)
 Temple: D:4-7

Altars:
Sif Muna

Annotations:
D:4 Natasha


Innate Abilities, Weirdness & Mutations

You have a somewhat thin skeletal structure. (Dex +2, Stealth)
Armour fits poorly on your strangely shaped body.
Your spells are a little harder to cast, but a little more powerful.


Message History

You resist with some effort.
You barely miss Natasha. The white imp gestures at you.
The puff of frost hits you!
* * * LOW HITPOINT WARNING * * *
You block the crimson imp's attack. Natasha closely misses you.
You riposte.
You slash Natasha!
Natasha is almost dead.
You feel better. You block the white imp's attack.
You block the crimson imp's attack. Natasha casts a spell at you.
You feel yourself slow down.
You barely miss the crimson imp. The white imp closely misses you.
The crimson imp blinks!
Natasha claws you. The white imp gestures at you. The puff of frost hits you!
* * * LOW HITPOINT WARNING * * *
Natasha mewls in sadness.
Natasha claws you.
You die...

#.......#
#.......#
#.......#
#..5....#
#.......#
#.......#
#.55h...# ### #@#
#.....#.####
#.....#.#.. #....
#.#.#
#....##.#.##
#..........#
#.##[......#
######.##.......#
#.......####.#.##


You could see Natasha, a crimson imp, a white imp and a shadow imp.

Vanquished Creatures
  An orc wizard (D:3)
  2 worker ants (D:4)
  7 adders
  3 worms (D:2)
  2 dart slugs (D:2)
  2 leopard geckos (D:3)
  7 orcs
  3 giant cockroaches
  10 goblins
  4 hobgoblins (D:1)
  8 jackals
  2 quokkas (D:3)
  7 bats
  4 frilled lizards
  6 kobolds
  3 rats
71 creatures vanquished.

Vanquished Creatures (others)
  2 orc wizards (D:3)
2 creatures vanquished.

Grand Total: 73 creatures vanquished

Notes
Turn   | Place    | Note
-------+----------+-------------------------------------------
     0 | D:1      | Marnok the Human Fighter began the quest for the Orb.
     0 | D:1      | Reached XP level 1. HP: 18/18 MP: 1/1
   245 | D:1      | Reached XP level 2. HP: 22/24 MP: 2/2
   754 | D:2      | Reached XP level 3. HP: 25/29 MP: 3/3
   897 | D:2      | Reached XP level 4. HP: 22/35 MP: 4/4
  1854 | D:2      | Found a deep blue altar of Sif Muna.
  2092 | D:3      | Reached XP level 5. HP: 17/41 MP: 5/5
  2359 | D:3      | Gained mutation: Armour fits poorly on your strangely
                  | shaped body. [potion of mutation]
  2359 | D:3      | Gained mutation: Your spells are a little harder to cast,
                  | but a little more powerful. [potion of mutation]
  2359 | D:3      | Gained mutation: You have a somewhat thin skeletal
                  | structure. (Dex +2, Stealth) [potion of mutation]
  2385 | D:3      | Reached skill level 1 in Dodging
  2494 | D:3      | Reached XP level 6. HP: 34/47 MP: 6/6
  3125 | D:4      | Got a twitching turquoise ring
  3126 | D:4      | Identified the ring "Iblae" {*Slow Dex+7 Slay+3 SInv} (You
                  | found it on level 4 of the Dungeon)
  3213 | D:4      | Noticed Natasha
  3222 | D:4      | Slain by Natasha

Skill      XL: |  1  2  3  4  5  6 |
---------------+-------------------+-----
Long Blades    | 3 4 |  4.1
Dodging        | 1 |  1.4
Shields        | 4 |  4.0
Fighting       | |  3.5
Armour         | |  3.9
Stealth        | |  0.3

Action                   |  1- 3 |  4- 6 || total
-------------------------+-------+-------++-------
Melee: Long sword        |   100 |   206 ||   306
Throw: Stone             |       |     6 ||     6
  Use: Potion            |     1 |     8 ||     9
 Stab: Sleeping          |       |     1 ||     1
  Eat: Chunk             |       |     8 ||     8
Armor: Scale mail        |    84 |    77 ||   161
       Skin              |       |    31 ||    31
Dodge: Dodged            |    49 |    65 ||   114
Block: Shield            |    92 |    99 ||   191
       Rpst.: Long sword |    13 |    23 ||    36
